 Dungeon Crawl Stone Soup version 0.32-a0-673-g3729bd50f8 (webtiles) character file.

Game seed: 8796091528510759874

8699 jasper the Grappler (level 11, -1/102 HPs)
             Began as a Minotaur Fighter on Mar 10, 2024.
             Was a Follower of Wu Jian.
             Killed by divine providence
             ... invoked by a meliai
              (13 damage)
             ... on level 8 of the Dungeon.
             The game lasted 00:14:51 (10419 turns).

jasper the Grappler (Minotaur Fighter)             Turns: 10419, Time: 00:14:52

Health: -1/102     AC: 17    Str: 27    XL:     11   Next: 13%
Magic:  10/10      EV: 11    Int:  7    God:    Wu Jian [*.....]
Gold:   429        SH:  6    Dex: 12    Spells: 10/10 levels left

rFire   . .          .
                       - Unarmed
rCold   . . .        b - +0 buckler
rNeg    . . .        J - +3 chain mail {Will+}
rPois   .            (helmet restricted)
rElec   .            M - +2 cloak
rCorr   .            (no gloves)
SInv    .            s - +1 pair of boots
Will    +....        (no amulet) Stlth
                     d - +4 ring of slaying
HPRegen 0.37/turn    i - +6 ring of strength
MPRegen 0.12/turn

%: no passive effects
@: no status effects
A: horns 2, retaliatory headbutt
a: Renounce Religion


You were on level 8 of the Dungeon.
You worshipped Wu Jian.
Wu Jian was aware of your devotion.
You visited 2 branches of the dungeon, and saw 10 of its levels.
You also visited: Sewer and Bailey.

You collected 721 gold pieces.
You spent 292 gold pieces at shops.

Inventory:

Hand Weapons
 c - the +5 woodcutter's axe
   (You found it on level 2 of the Dungeon)
 B - a +1 halberd of protection
Missiles
 m - 82 stones (quivered)
 n - 9 throwing nets
 p - 8 boomerangs
 A - 27 poisoned darts
Armour
 a - a +0 scale mail
 b - a +0 buckler (worn)
 f - a +0 leather armour
 l - a +0 ring mail
 s - a +1 pair of boots (worn)
 t - a +0 cloak
 z - a +0 troll leather armour
 J - a +3 chain mail of willpower (worn)
 M - a +2 cloak (worn)
 N - a +3 ring mail
 O - a +3 leather armour of poison resistance
Jewellery
 d - a +4 ring of slaying (left hand)
 i - a +6 ring of strength (right hand)
 j - a ring of protection from fire
 k - a +6 ring of dexterity
 r - a ring of flight
 w - the ring of Anohodir {rPois rC- rN+ Dex+6 Stlth+}
   (You bought it in a shop on level 6 of the Dungeon)

   [ring of dexterity]

   Dex+6:     It affects your dexterity (+6).
   rC-:       It makes you vulnerable to cold.
   rPois:     It protects you from poison.
   rN+:       It protects you from negative energy.
   Stlth+:    It makes you more stealthy.
 x - an amulet of faith
 C - a +4 ring of protection
Talismans
 o - the storm talisman of the Pink Corner {rN+ rCorr Int-2 SInv}
   (You acquired it on level 6 of the Dungeon)

   [storm talisman]

   Int-2:     It affects your intelligence (-2).
   rN+:       It protects you from negative energy.
   SInv:      It lets you see invisible.
   rCorr:     It protects you from acid and corrosion.
Wands
 I - a wand of roots (11)
 K - a wand of quicksilver (24)
 L - a wand of flame (16)
Scrolls
 v - a scroll of vulnerability
 y - 2 scrolls of noise
 D - a scroll of revelation
 E - 2 scrolls of identify
 G - a scroll of fog
 H - a scroll of immolation
Potions
 e - a potion of magic
 g - 2 potions of brilliance
 h - 2 potions of curing
 q - a potion of resistance
 u - 3 potions of cancellation
 P - a potion of experience


   Skills:
 + Level 11.0 Fighting
 - Level 3.6 Armour
 + Level 6.8 Dodging
 - Level 8.0 Shields
 * Level 13.5 Unarmed Combat


You had 10 spell levels left.
You didn't know any spells.
Your spell library contained the following spells:

 Spells                   Type           Power      Damage    Failure   Level
 Kiss of Death            Conj/Necr      0%         2d5       94%         1
 Sting                    Conj/Alch      0%         1d3       94%         1
 Call Imp                 Summ           0%         N/A       98%         2
 Sublimation of Blood     Necr           0%         N/A       98%         2
 Summon Hydra             Summ           0%         N/A       100%        7


Dungeon Overview and Level Annotations

Branches:
Dungeon (9/15)             Temple (1/1) D:6           Sewer (visited)
 Bailey (visited)
   Lair: D:8-11         Orc: D:9-12

Altars:
Cheibriados
Dithmenos
Elyvilon
Fedhas
Gozag
Hepliaklqana
Kikubaaqudgha
Makhleb
Nemelex Xobeh
Okawaru
Ru
Sif Muna
Trog
Uskayaw
Vehumet
Wu Jian
Xom
Yredelemnul
Zin
The Shining One

Shops:
D:5 (   D:6 *   D:8 *

Annotations:
D:7 3 runed translucent doors, Dittersdorf's ghost, novice GrFi


Innate Abilities, Weirdness & Mutations

You have a pair of horns on your head.
You reflexively headbutt those who attack you in melee.


Message History

You take 1 damage, and have 62/102 hp.
You feel sick.
The meliai hits you with a +0 broad axe.
The meliai stings you.
You take 9 damage, and have 53/102 hp.
You feel sick. The meliai hits you but does no damage.
The meliai barely misses you.
You take 2 damage, and have 51/102 hp.
You feel sick. The meliai attacks as it pursues you!
The meliai hits you with a +0 broad axe!
The meliai stings you but does no damage.
The meliai closely misses you. You block the meliai's attack.
You take 7 damage, and have 44/102 hp.
You feel sick. The meliai hits you but does no damage.
You block the meliai's attack.
There is a stone staircase leading up here.
You take 1 damage, and have 43/102 hp.
You feel sick.
The meliai hits you with a +0 broad axe.
The meliai stings you but does no damage.
The water moccasin closely misses you. You furiously retaliate!
You headbutt the water moccasin! The meliai closely misses you.
You furiously retaliate!
You headbutt the meliai.
The meliai stings you but does no damage.
You climb upwards.
You feel sick.
There is a stone staircase leading down here.
You take 7 damage, and have 36/102 hp.
You closely miss the meliai.
The meliai is lightly wounded.
You feel sick.
You are no longer poisoned.
The water moccasin bites you but does no damage.
The meliai hits you with a +0 broad axe!
* * * LOW HITPOINT WARNING * * *
The meliai stings you!
* * * LOW HITPOINT WARNING * * *
The water moccasin bites you but does no damage.
The meliai calls down the wrath of its god upon you.
Something smites you!
You die...

##..#.########.# #.#
...............# #.##
##.............# #...
##.#.#######.## ####
###.#.# #.###########
## ....#.#
#...........# #.
....#.# ###########.#
#. ###.#.#
############.# #.
<.....#
#...S@y..[...########.
###.###
#.#########......)....
#...# #.#
##....########. #.###
#.# ##...### #. #.#
#.# #∩...∩# #. #.# #.#
#.....# #. #.# #.#
#∩.⌠.∩# #. #.# #.#
#.....# #. #.# #.#
#∩...∩# #.


You could see a water moccasin and a meliai.

Vanquished Creatures
  A centaur warrior (D:9)
  Erica (D:8)
  Pikel (D:5)
  Maurice (D:7)
  Joseph (D:8)
  Jeremiah (D:7)
  2 trolls
  A hornet (D:8)
  Prince Ribbit (D:8)
  Sigmund (D:5)
  A wyvern (D:4)
  A steam dragon (D:7)
  Menkaure (D:5)
  Edmund (D:5)
  An acid dragon (D:9)
  A water moccasin (D:6)
  A black bear (D:6)
  An ice beast (D:7)
  A sky beast (D:7)
  6 wolves (Bailey)
  An ogre (D:7)
  3 centaurs
  A phantom (D:6)
  5 kobold brigands
  4 bullfrogs
  10 gnoll sergeants
  A scorpion (D:6)
  12 wights
  A howler monkey (D:9)
  A jelly (D:3)
  5 hounds
  8 gnoll boudas
  3 orc priests
  Crazy Yiuf (D:5)
  2 iguanas
  3 orc wizards
  Ijyb (D:4)
  2 sleepcaps (D:6)
  35 gnolls
  7 adders
  2 river rats (Sewer)
  A shadow imp (D:5)
  A white imp (D:7)
  5 ribbon worms
  17 orcs
  9 endoplasms
  3 giant cockroaches
  9 goblins
  9 hobgoblins
  8 jackals
  27 kobolds
  5 quokkas
  10 ball pythons
  7 bats
  6 frilled lizards
  8 rats
259 creatures vanquished.

Notes
Turn   | Place    | Note
-------+----------+-------------------------------------------
     0 | D:1      | jasper the Minotaur Fighter began the quest for the Orb.
     0 | D:1      | Reached XP level 1. HP: 19/19 MP: 0/0
   159 | D:1      | Reached XP level 2. HP: 27/27 MP: 1/1
   417 | D:1      | Reached skill level 3 in Unarmed Combat
   629 | D:1      | Reached XP level 3. HP: 33/33 MP: 2/2
  1511 | D:2      | Reached XP level 4. HP: 40/41 MP: 3/3
  1513 | D:2      | Noticed a gnoll sergeant
  1514 | D:2      | Found the +5 woodcutter's axe
  1520 | D:2      | Killed a gnoll sergeant
  1521 | D:2      | Reached skill level 4 in Unarmed Combat
  1521 | D:2      | Reached XP level 5. HP: 14/47 MP: 4/4
  2074 | D:3      | Reached skill level 5 in Fighting
  2155 | D:3      | Reached skill level 5 in Shields
  2186 | D:3      | Reached skill level 5 in Unarmed Combat
  2335 | D:3      | Reached XP level 6. HP: 56/56 MP: 5/5
  2484 | D:3      | Found a glowing drain.
  2513 | Sewer    | Entered a sewer
  2680 | Sewer    | Reached skill level 6 in Unarmed Combat
  3243 | D:3      | Found a faded altar of an unknown god.
  3496 | D:4      | Reached XP level 7. HP: 59/62 MP: 6/6
  3527 | D:4      | Noticed Ijyb
  3532 | D:4      | You fall into a shaft and drop 3 floors!
  3540 | D:6      | Found a staircase to the Ecumenical Temple.
  3563 | Temple   | Entered the Ecumenical Temple
  3716 | D:6      | Identified a scroll of acquirement
  3716 | D:6      | Acquired the storm talisman of the Pink Corner {rN+ rCorr
                  | Int-2 SInv}
  3752 | D:6      | Reached skill level 7 in Unarmed Combat
  3865 | D:6      | Found Codwev's Assorted Antiques.
  3873 | D:6      | Reached XP level 8. HP: 55/71 MP: 7/7
  3972 | D:6      | Bought a clouded pewter ring for 130 gold pieces
  3972 | D:6      | Identified the ring of Anohodir {rPois rC- rN+ Dex+6
                  | Stlth+} (You bought it in a shop on level 6 of the Dungeon)
  3972 | D:6      | Bought a scroll labelled TAUCWA ALLAE for 26 gold pieces
  3972 | D:6      | Bought a scroll of noise for 26 gold pieces
  4196 | D:6      | Reached skill level 8 in Unarmed Combat
  4389 | D:6      | Noticed a troll
  4395 | D:6      | Killed a troll
  4684 | D:7      | Noticed Jeremiah
  4874 | D:6      | Reached skill level 9 in Unarmed Combat
  5064 | D:5      | Entered Level 5 of the Dungeon
  5064 | D:5      | Noticed Edmund
  5079 | D:5      | Found a shadowy altar of Dithmenos.
  5081 | D:5      | Found a shimmering blue altar of Sif Muna.
  5102 | D:5      | Found a hide-covered altar of Uskayaw.
  5129 | D:5      | Killed Edmund
  5133 | D:5      | Noticed Sigmund
  5147 | D:5      | Killed Sigmund
  5148 | D:5      | Reached XP level 9. HP: 58/81 MP: 8/8
  5314 | D:5      | Noticed Menkaure
  5320 | D:5      | Killed Menkaure
  5339 | D:5      | Reached skill level 1 in Dodging
  5403 | D:5      | Found a snail-covered altar of Cheibriados.
  5422 | D:5      | Found a runed translucent door.
  5423 | D:5      | Noticed Crazy Yiuf
  5428 | D:5      | Killed Crazy Yiuf
  5718 | D:5      | Noticed Pikel
  5725 | D:5      | Killed Pikel
  5726 | D:5      | Reached skill level 10 in Unarmed Combat
  5749 | D:5      | Found Xit Ybomp's Antique Weapon Boutique.
  6311 | D:4      | Killed Ijyb
  6419 | D:4      | Found a sparkling altar of Nemelex Xobeh.
  6812 | D:7      | Found a runed translucent gate.
  6812 | D:7      | Found a runed translucent gate.
  6850 | D:7      | Reached skill level 11 in Unarmed Combat
  6863 | D:7      | Killed Jeremiah
  7108 | D:7      | Noticed Maurice
  7118 | D:7      | Killed Maurice
  7119 | D:7      | Reached XP level 10. HP: 85/91 MP: 9/9
  7263 | D:7      | Found a runed translucent gate.
  7294 | D:7      | Noticed Dittersdorf's ghost (novice GrFi)
  7690 | D:8      | Found Coem's CLEARANCE SALE!.
  7695 | D:8      | Bought a potion of curing for 12 gold pieces
  7695 | D:8      | Bought a +2 cloak for 66 gold pieces
  7695 | D:8      | Bought a potion of ambrosia for 32 gold pieces
  7755 | D:8      | Found an ornate altar of the Wu Jian Council.
  7960 | D:8      | Became a worshipper of the Wu Jian Council
  7984 | D:8      | Noticed Prince Ribbit
  7986 | D:8      | Noticed Joseph
  7991 | D:8      | Killed Prince Ribbit
  8001 | D:8      | Killed Joseph
  8002 | D:8      | Reached skill level 5 in Dodging
  8002 | D:8      | Reached skill level 12 in Unarmed Combat
  8223 | D:8      | Reached skill level 10 in Fighting
  8485 | D:8      | Noticed Erica
  8498 | D:8      | Killed Erica
  8623 | D:8      | Found a radiant altar of Vehumet.
  8628 | D:8      | Found a hazy altar of Hepliaklqana.
  8801 | D:9      | Noticed a centaur warrior
  8835 | D:9      | Killed a centaur warrior
  8836 | D:9      | Reached skill level 13 in Unarmed Combat
  8939 | D:9      | Found a flagged portal.
  8983 | Bailey   | Entered a bailey
  9242 | Bailey   | Reached * piety under Wu Jian
  9585 | Bailey   | Reached XP level 11. HP: 92/101 MP: 10/10
 10178 | Bailey   | Got the Precepts of Shadows and Blows
 10377 | D:9      | Found a sacrificial altar of Ru.
 10419 | D:8      | Killed from afar by a meliai

Illustrated notes

Levels and vault maps discovered:
D:1:      nicolae_arrival_somewhat_less_tricky_arrival, layout_basic
D:2:      layout_basic, minmay_misc_feat_plants, hangedman_decor_growths,
          pf_guarded_unrand_woodcutter
D:3:      layout_basic, dilly_ecumenical_altar_fadedgnrine,
          cheibrodos_sewer_entry_bend, kennysheep_generic_room_16
D:4:      layout_gridville, nemelex_dance_club_becter, uniq_ijyb
D:5:      layout_cave_pods, chequers_temple_overflow_statue_of_worship,
          overflow_temple_1_default, nicolae_uskayaw_dance_hall, serial_shops,
          shop, uniq_menkaure, uniq_edmund, uniq_sigmund, uniq_pikel,
          uniq_crazy_yiuf_cottage
D:6:      minmay_cornered_nines, layout_cave_pools, minmay_temple_entry_statues,
          serial_shops, nicolae_shop_stone
D:7:      layout_cave_pools, gammafunk_ghost_icy, uniq_jeremiah, uniq_maurice
D:8:      layout_loops_ring, mainiacjoe_overflow_big_doors,
          general_overflow_altar, nicolae_shop_clearance, uniq_erica,
          uniq_prince_ribbit1, uniq_joseph
D:9:      minmay_curly_fans, layout_grid_maze, nicolae_ru_path_of_blood,
          nicolae_qazlal_scattered_showers, enter_bailey_2, grunt_ministairs_7
Temple:   nicolae_temple_ecumenical_triangle

Skill      XL: |  1  2  3  4  5  6  7  8  9 10 11 |
---------------+----------------------------------+-----
Unarmed Combat | 3 4 5 6 7 9 11 13 | 13.5
Fighting       | 4 5 6 8 9 10 11 | 11.0
Shields        | 4 5 6 8 |  8.0
Dodging        | 4 6 |  6.8
Armour         | |  3.6

Action                     |  1- 3 |  4- 6 |  7- 9 | 10-12 || total
---------------------------+-------+-------+-------+-------++-------
  Melee: Unarmed           |    74 |   124 |   168 |   195 ||   561
         Headbutt          |     4 |    21 |    40 |    43 ||   108
Ability: Lunge             |       |       |       |    39 ||    39
         Whirlwind         |       |       |       |     5 ||     5
  Evoke: Wand              |       |       |     1 |       ||     1
    Use: Scroll            |     2 |     8 |     7 |     5 ||    22
         Potion            |     1 |     5 |       |    10 ||    16
 Armour: Scale mail        |    30 |    66 |   104 |       ||   200
         Chain mail        |       |       |    25 |   235 ||   260
  Dodge: Dodged            |    31 |    43 |    61 |   145 ||   280
  Block: Buckler           |     9 |    13 |    36 |    86 ||   144

Table legend: (Time is in decaauts)
 A = Elapsed time spent in this place.
 B = Non-inter-level travel time spent in this place.
 C = Inter-level travel time spent in this place.
 D = Time resting spent in this place.
 E = Time spent auto-exploring this place.
 F = Levels seen in this place.
 G = Mean time per level.
                   A        B        C        D        E       F      G
               +--------+--------+--------+--------+--------+-----+--------+
         Total |  10433 |  10112 |    321 |   1635 |   6546 |  12 |  869.4 |
       Dungeon |   8585 |   8264 |    321 |    891 |   5897 |   9 |  953.9 |
        Temple |      1 |      1 |      0 |      0 |      0 |   1 |    1.0 |
         Sewer |    525 |    525 |      0 |      0 |    299 |   1 |  525.0 |
        Bailey |   1321 |   1321 |      0 |    744 |    350 |   1 | 1321.0 |
               +--------+--------+--------+--------+--------+-----+--------+

Top non-repeatable levels by time:
     D:6: 1521 daAuts
  Bailey: 1321 daAuts
     D:8: 1240 daAuts
     D:3: 1096 daAuts
     D:1: 1001 daAuts
     D:5: 916 daAuts
     D:2: 890 daAuts
     D:7: 869 daAuts
     D:4: 745 daAuts
   Sewer: 525 daAuts
     D:9: 305 daAuts
  Temple: 1 daAuts
